 Dungeon Crawl Stone Soup version 0.32-a0-120-gfac0567ad4 (webtiles) character file.

Game seed: 13099747486845335685

440506 anacleto the Skinwalker (level 22, -22/231 HPs)
             Began as a Troll Shapeshifter on Feb 4, 2024.
             Was the Champion of Qazlal.
             Annihilated by a white very ugly thing (44 damage)
             ... on level 3 of the Depths on Feb 6, 2024.
             The game lasted 04:02:24 (63150 turns).

anacleto the Skinwalker (Troll Shapeshifter)       Turns: 63150, Time: 04:02:25

Health: -22/231    AC: 16    Str: 39    XL:     22   Next: 70%
Magic:  28/28      EV: 39    Int:  6    God:    Qazlal [******]
Gold:   1751       SH:  8    Dex:  7    Spells: 21/21 levels left

rFire   + .          .
                       - Unarmed
rCold   . . .        f - melded +2 tower shield
rNeg    . . .        L - melded +7 gold dragon scales
rPois   ∞            z - melded +0 hat {SInv}
rElec   +            K - melded scarf of Wu Jian's Whim {+Inv, rCorr Int+3}
rCorr   .            (gloves unavailable)
SInv    .            (boots unavailable)
Will    +....        V - amulet of Xom's Entertainment {RegenMP rF+ Str+3}
Stlth   +            j - +5 ring of evasion
HPRegen 1.38/turn    P - +4 ring of slaying
MPRegen 0.61/turn

%: repel missiles
@: about to teleport, storm-form, protected from physical damage, flying
A: cleaving, insubstantial, flying, large, unfitting armour, (claws 3),
regeneration 1, (shaggy fur 1), (tough skin 1), clumsy 1, low MP 1, inability to
drink after injury 2, inability to read after injury 1
}: 3/15 runes: decaying, slimy, gossamer
a: Blinkbolt, Begin Untransformation, Renounce Religion, Upheaval, Elemental
Force, Disaster Area


You were on level 3 of the Depths.
You worshipped Qazlal.
Qazlal was exalted by your worship.
You were a lightning-filled tempest!
You visited 10 branches of the dungeon, and saw 44 of its levels.
You visited the Abyss 2 times.
You visited 1 bazaar.
You also visited: Volcano.

You collected 5005 gold pieces.
You spent 3254 gold pieces at shops.

Inventory:

Missiles
 a - 18 boomerangs (quivered)
 C - 5 atropa-tipped darts
 E - 7 curare-tipped darts
 I - 73 large rocks
 U - 11 silver javelins
Armour
 f - a +2 tower shield (melded)
 z - a +0 hat of see invisible (melded)
 K - the scarf of Wu Jian's Whim (melded) {+Inv, rCorr Int+3}
   (You found it on level 4 of the Lair of Beasts)

   Int+3:     It affects your intelligence (+3).
   rCorr:     It protects you from acid and corrosion.
 L - +7 gold dragon scales (melded)
Jewellery
 j - a +5 ring of evasion (left fist)
 P - a +4 ring of slaying (right fist)
 V - the amulet of Xom's Entertainment (around neck) {RegenMP rF+ Str+3}
   (You found it on level 2 of the Spider Nest)

   [amulet of magic regeneration]

   RegenMP:   It increases your rate of magic regeneration.
   Str+3:     It affects your strength (+3).
   rF+:       It protects you from fire.
Talismans
 N - a granite talisman
 O - a dragon-blood talisman
 Z - a storm talisman (active)
Wands
 c - a wand of iceblast (47)
 e - a wand of polymorph (11)
 p - a wand of quicksilver (10)
 q - a wand of charming (68)
 w - a wand of flame (88)
 D - a wand of mindburst (21)
 H - a wand of digging (34)
Scrolls
 d - 5 scrolls of vulnerability
 g - 6 scrolls of fear
 l - 5 scrolls of enchant weapon
 t - 12 scrolls of teleportation
 u - 6 scrolls of identify
 v - a scroll of brand weapon
 x - a scroll of revelation
 y - 11 scrolls of immolation
 A - 2 scrolls of torment
 B - 3 scrolls of fog
 R - 3 scrolls of silence
 S - 6 scrolls of poison
Potions
 b - 2 potions of lignification
 h - 9 potions of attraction
 i - 10 potions of curing
 k - 5 potions of might
 m - 3 potions of enlightenment
 n - 6 potions of resistance
 o - 2 potions of magic
 r - 10 potions of ambrosia
 s - a potion of haste
 T - 3 potions of heal wounds
 W - 5 potions of mutation
 X - 3 potions of cancellation
Miscellaneous
 F - a tin of tremorstones (2/2)
 G - a phial of floods
 M - a lightning rod (4/4)
 Q - a phantom mirror


   Skills:
 + Level 16.2 Fighting
 - Level 4.5 Throwing
 - Level 4.4 Dodging
 - Level 4.3 Shields
 + Level 19.2 Unarmed Combat
 + Level 14.1 Invocations
 * Level 25.4 Shapeshifting


You had 21 spell levels left.
You didn't know any spells.
Your spell library contained the following spells:

 Spells                   Type           Power      Damage    Failure   Level
 Foxfire                  Conj/Fire      0%         2x1d4     45%         1
 Freeze                   Ice            0%         1d3       45%         1
 Magic Dart               Conj           0%         1d3       45%         1
 Sandblast                Erth           0%         2d4       45%         1
 Shock                    Conj/Air       0%         1d3       45%         1
 Sting                    Conj/Alch      0%         1d3       45%         1
 Summon Small Mammal      Summ           0%         N/A       45%         1
 Blink                    Tloc           0%         N/A       58%         2
 Call Imp                 Summ           0%         N/A       58%         2
 Cigotuvi's Dreadful Rot  Necr/Alch/Air  0%         N/A       58%         2
 Lesser Beckoning         Tloc           0%         N/A       58%         2
 Mercury Vapours          Alch/Air       0%         N/A       58%         2
 Momentum Strike          Conj/Tloc      0%         3d8       58%         2
 Scorch                   Fire           0%         2d5       58%         2
 Searing Ray              Conj           0%         2d4       58%         2
 Call Canine Familiar     Summ           0%         N/A       83%         3
 Frozen Ramparts          Ice            0%         1d1       83%         3
 Hailstorm                Conj/Ice       0%         3d5       83%         3
 Mephitic Cloud           Conj/Alch/Air  0%         N/A       83%         3
 Ozocubu's Armour         Ice            0%         N/A       83%         3
 Passwall                 Erth           0%         N/A       83%         3
 Stone Arrow              Conj/Erth      0%         3d7       83%         3
 Summon Ice Beast         Ice/Summ       0%         N/A       83%         3
 Swiftness                Air            0%         N/A       83%         3
 Volatile Blastmotes      Fire/Tloc      0%         2d10      83%         3
 Airstrike                Air            0%         2d(0-16)  99%         4
 Animate Dead             Necr           0%         N/A       99%         4
 Brom's Barrelling Bould  Conj/Erth      0%         2d3       99%         4
 Dispel Undead            Necr           0%         3d6       99%         4
 Flame Wave               Conj/Fire      0%         2d4       99%         4
 Fulminant Prism          Conj/Alch      0%         3d5       99%         4
 Ignite Poison            Fire/Alch      0%         N/A       99%         4
 Iskenderun's Mystic Bla  Conj/Tloc      0%         2d3       99%         4
 Leda's Liquefaction      Alch/Erth      0%         N/A       99%         4
 Manifold Assault         Tloc           0%         N/A       99%         4
 Martyr's Knell           Necr/Summ      0%         N/A       99%         4
 Olgreb's Toxic Radiance  Alch           0%         N/A       99%         4
 Petrify                  Alch/Erth      0%         N/A       99%         4
 Sticky Flame             Fire/Alch      0%         2d4       99%         4
 Summon Blazeheart Golem  Fire/Summ      0%         N/A       99%         4
 Vhi's Electric Charge    Tloc/Air       0%         N/A       99%         4
 Alistair's Intoxication  Alch           0%         N/A       100%        5
 Arcjolt                  Conj/Air       0%         1d10      100%        5
 Borgnjor's Vile Clutch   Necr/Erth      0%         N/A       100%        5
 Freezing Cloud           Conj/Ice/Air   0%         6-21      100%        5
 Irradiate                Conj/Alch      0%         3d11      100%        5
 Metabolic Englaciation   Hex/Ice        0%         N/A       100%        5
 Summon Forest            Summ/Tloc      0%         N/A       100%        5
 Summon Mana Viper        Hex/Summ       0%         N/A       100%        5
 Death Channel            Necr           0%         N/A       100%        6
 Dispersal                Tloc           0%         N/A       100%        6
 Eringya's Noxious Bog    Alch           0%         4d6       100%        6
 Plasma Beam              Fire/Air       0%         2x1d10    100%        6
 Sculpt Simulacrum        Ice/Alch       0%         N/A       100%        6
 Starburst                Conj/Fire      0%         6d3       100%        6
 Summon Cactus Giant      Summ           0%         N/A       100%        6
 Haunt                    Necr/Summ      0%         N/A       100%        7
 Malign Gateway           Summ/Tloc      0%         N/A       100%        7
 Monstrous Menagerie      Summ           0%         N/A       100%        7
 Ozocubu's Refrigeration  Ice            0%         4d7       100%        7
 Discord                  Hex            0%         N/A       100%        8
 Disjunction              Tloc           0%         N/A       100%        8
 Ignition                 Fire           0%         3d3       100%        8
 Infestation              Necr           0%         N/A       100%        8
 Summon Horrible Things   Summ           0%         N/A       100%        8
 Sublimation of Blood     Necr           Unusable   N/A       N/A         2

Dungeon Overview and Level Annotations

Branches:
Dungeon (15/15)            Temple (1/1) D:4            Lair (5/5) D:11
  Swamp (4/4) Lair:2       Spider (4/4) Lair:2        Slime (5/5) Lair:4
    Orc (2/2) D:12            Elf (3/3) Orc:2        Vaults (2/5) D:14
 Depths (3/4) D:15        Volcano (visited)
  Crypt: Vaults:2-3

Altars:
Ashenzari
Cheibriados
Dithmenos
Elyvilon
Fedhas
Gozag
Hepliaklqana
Kikubaaqudgha
Makhleb
Nemelex Xobeh
Okawaru
Qazlal
Ru
Sif Muna
Trog
Uskayaw
Vehumet
Wu Jian
Xom
Yredelemnul
Zin
The Shining One
Jiyva

Shops:
D:2 (   D:7 [   Orc:2 *([(   Elf:1 (   Swamp:3 *   Vaults:1 ?   Depths:1 *

Portals:
Hell: Depths:1 Depths:2 Depths:3
Abyss: Depths:3
Pandemonium: Depths:2
Ziggurat: Depths:2

Annotations:
Temple 2 transporters


Innate Abilities, Weirdness & Mutations

You are a lightning-filled tempest!
Your electrical attacks strike out in all directions at once.
You are incredibly evasive.
Your insubstantial body is immune to petrification, constriction, and being set on fire You are flying.
Your armour is entirely melded.
You are incapable of wielding weapons or throwing items.
You are too large for most types of armour.
You are immune to poison.
((You have claws for hands.))
Your natural rate of healing is unusually fast.
((You are covered in fur. (AC +1)))
((You have tough skin. (AC +1)))
You are clumsy. (Dex -2)
Your magical capacity is low. (-10% MP)
You sometimes lose the ability to drink potions when taking damage.
You occasionally lose the ability to read scrolls when taking damage.


Message History

You completely miss the spriggan defender.
The spriggan defender is lightly wounded.
The spriggan defender closely misses you.
The spriggan defender blocks your attack.
Your punch misses the spriggan defender.
The spriggan defender is lightly wounded.
You blast the white very ugly thing!!!
Lightning courses through the white very ugly thing!
The spriggan defender completely misses you.
The white very ugly thing tentacle-slaps you.
The white very ugly thing freezes you!!!
You closely miss the spriggan defender.
The spriggan defender blocks your attack.
The spriggan defender is lightly wounded.
You barely miss the white very ugly thing.
The spriggan defender hits you with a +2 flail of protection!!
The white very ugly thing barely misses you.
You buffet the spriggan defender!
The spriggan defender is moderately wounded.
You barely miss the white very ugly thing.
You block the spriggan defender's attack.
The juggernaut is engulfed in freezing vapours.
Unknown command.
As you read the scroll of teleportation, it crumbles to dust.
You feel strangely unstable.
You block the spriggan defender's attack.
The juggernaut is engulfed in freezing vapours.
The white very ugly thing completely misses you.
The spriggan defender is engulfed in freezing vapours. x2
A spriggan air mage comes into view. It is wielding a +0 spear.
The juggernaut is engulfed in freezing vapours.
The juggernaut hits you!!!
* * * LOW HITPOINT WARNING * * *
You feel more protected from physical attacks.
The juggernaut completely misses you.
The white very ugly thing attacks as it pursues you!
The white very ugly thing tentacle-slaps you!
* * * LOW HITPOINT WARNING * * *
The white very ugly thing freezes you!!!
You die...

################
###i°....∩.......###
####..Cuv..§..........###
###..#.☼..○≈§⌠§§⌠≈≈≈....#..
##....'Q)○°§.§....).....''..
##....u°#.##############.#...
##.....u####.....##.....####..
##..##i###)..##...''...##...###
##...#['[..##⌠#....''....#.##..#
##..##[##[..#.......##.......#...
#...#.##.[.....#''#########......


You could see a juggernaut, 3 very ugly things, a tengu reaver (repels missiles)
and a spriggan defender.

Vanquished Creatures
  the Royal Jelly (Slime:5)
  2 juggernauts
  Sojobo (Vaults:2)
  Boris (twice) (Vaults:2 Depths:1)
  Bai Suzhen (Spider:4)
  the Lernaean hydra (Swamp:4)
  Saint Roka (Vaults:2)
  Nikola (Vaults:2)
  the Enchantress (Depths:3)
  Arachne (Spider:4)
  Jorgrun (D:12)
  4 tentacled monstrosities
  2 liches
  Mlioglotl (Swamp:3)
  A titan (Depths:2)
  2 deep elf blademasters
  23 acid blobs
  2 sphinxes
  2 deep elf master archers (Elf:3)
  A thorn hunter (Swamp:3)
  2 tentacled starspawn (Abyss:3)
  Aizul (Vaults:2)
  4 tengu reavers
  A daeva (Abyss:3)
  Roxanne (D:14)
  An iron dragon (Depths:2)
  16 azure jellies
  2 emperor scorpions
  10 fire giants
  2 caustic shrike zombies (Depths:3)
  12 rockslimes
  5 deep elf sorcerers (Elf:3)
  5 ghost moths
  A juggernaut zombie (Depths:3)
  2 deep elf elementalists (Elf:3)
  3 vault wardens
  Louise (Swamp:3)
  2 frost giants
  10 broodmothers
  3 orc warlords
  3 ironbound preservers (Vaults:1)
  6 formless jellyfish
  3 ghouls (Swamp:3)
  An ironbound thunderhulk (Vaults:2)
  The ghost of Azoth the Crack Shot, a journeyman DEHu of Ru (Elf:1)
  11 quicksilver oozes
  A cacodemon (Abyss:3)
  16 very ugly things
  4 deep elf demonologists (Elf:3)
  3 spriggan defenders (Depths:3)
  6 deep elf death magi
  10 stone giants
  A minotaur (Lair:4)
  2 vampire knights
  Azrael (Spider:3)
  5 eleionomae
  3 dire elephants (Vaults:1)
  3 spark wasps
  3 bunyips
  A war gargoyle (Vaults:1)
  10 deep elf annihilators (Elf:3)
  5 ettins
  2 jiangshi (Depths:2)
  4 entropy weavers
  5 ice dragons
  4 yaktaur captains
  10 fire dragons
  9 great orbs of eyes
  5 deep elf high priests
  A sphinx zombie (Depths:3)
  6 spriggan air magi
  3 ghost crabs
  2 jorogumos
  A peacekeeper (Vaults:1)
  7 alligators
  21 hydras
  Erica (D:10)
  2 catoblepae (Lair:3)
  2 two-headed ogres
  4 boulder beetles
  A radroach (Spider:2)
  A merfolk avatar (Lair:5)
  6 centaur warriors
  29 dancing weapons
  4 ironbound frosthearts
  8 spriggan berserkers
  4 tengu warriors
  4 vampire magi
  The ghost of audacious124 the Magician, a novice DsEE (D:8)
  4 deep troll shamans
  4 thrashing horrors (Abyss:3)
  An occultist (Depths:3)
  6 deep troll earth magi
  10 demonic crawlers
  3 orc high priests
  Nergalle (Orc:1)
  3 skysharks
  9 hell knights
  19 deep elf knights
  A skyshark (shapeshifter) (D:13)
  2 wretched stars (Abyss:3)
  2 iron trolls
  2 spark wasp zombies (Depths:3)
  9 pharaoh ants
  9 orb spiders
  A shadow dragon zombie (Depths:3)
  3 glowing orange brains
  12 deep trolls
  12 goliath frogs
  5 spriggan druids
  A spriggan simulacrum (Depths:1)
  A sea snake (Lair:5)
  5 orc knights
  2 flayed ghosts
  11 swamp dragons
  6 deep elf archers
  9 bog bodies
  4 phantasmal warriors
  9 steelbarb worms
  2 sun moths (Spider:3)
  23 deep elf zephyrmancers
  6 necromancers
  9 lindwurms
  A golden dragon skeleton (Depths:3)
  7 ironbound convokers
  2 large abominations (Abyss:3)
  28 deep elf pyromancers
  5 harpies (Vaults:1)
  5 orc sorcerers
  9 spectral spriggans (Swamp:3)
  7 cyclopes
  33 wolf spiders
  A shadow dragon skeleton (Depths:3)
  24 ugly things
  2 will-o-the-wisps
  An iron dragon zombie (Depths:3)
  2 manticores
  A tengu skeleton (Depths:3)
  A worldbinder (Abyss:3)
  7 meliai
  5 shining eyes
  7 elephants
  A frost giant skeleton (Depths:1)
  3 moths of wrath (Spider:4)
  A kobold blastminer (Orc:2)
  8 vault sentinels
  9 torpor snails
  3 black mambas
  2 smoke demons
  14 cane toads
  5 eyes of devastation
  An iron dragon skeleton (Depths:3)
  2 gargoyles
  6 yaktaurs
  An unseen horror (D:13)
  7 komodo dragons
  An efreet (Volcano)
  2 kobold demonologists
  6 rime drakes
  An ancient zyme (Abyss:3)
  4 freezing wraiths
  A tengu conjurer (Depths:3)
  8 trolls
  A spriggan skeleton (Depths:1)
  A tengu simulacrum (Depths:3)
  Grinder (D:5)
  2 bloated husks (Swamp:3)
  A tarantella (shapeshifter) (Abyss:3)
  3 tyrant leeches
  A wind drake (Lair:5)
  15 hornets
  27 tarantellas
  25 blink frogs
  2 polar bears
  3 glass eyes
  A snapping turtle (Lair:5)
  Prince Ribbit (D:7)
  2 raiju (Abyss:3)
  47 jumping spiders
  5 air elementals (Elf:3)
  12 spriggans
  A ynoxinul (Abyss:3)
  28 culicivoras
  103 slime creatures
  A vampire (D:13)
  6 water elementals
  3 wraiths
  3 humans (D:9)
  5 fire elementals
  11 wyverns
  63 yaks
  2 steam dragons (Lair:5)
  10 golden eyes
  9 basilisks
  2 wargs
  11 vampire mosquitoes
  A warg (shapeshifter) (D:15)
  44 redbacks
  9 swamp worms
  4 acid dragons
  Duvessa (D:7)
  A water moccasin (shapeshifter) (D:14)
  14 water moccasins
  3 hell hounds (Spider:3)
  39 orc warriors
  A laughing skull (Abyss:3)
  9 swamp drakes
  2 sky beasts
  A black bear (D:7)
  6 ogres
  4 small abominations (Abyss:3)
  23 wolves
  2 phantoms
  9 centaurs
  A kobold brigand (D:9)
  A brain worm (shapeshifter) (D:13)
  9 bullfrogs
  3 scorpions
  5 earth elementals
  12 wights
  Dowan (D:7)
  10 killer bees
  16 electric eels
  A bombardier beetle (D:4)
  6 howler monkeys
  4 hounds
  7 jellies
  20 orc priests
  A sleepcap (D:7)
  Terence (D:3)
  A gnoll bouda (D:4)
  2 iguanas
  Natasha (thrice) (D:3)
  22 orc wizards
  8 gnolls
  8 adders
  A white imp (D:5)
  3 dart slugs
  2 ribbon worms
  90 orcs
  7 endoplasms
  A giant cockroach (D:4)
  7 goblins
  9 hobgoblins
  6 jackals (D:1)
  11 kobolds
  2 quokkas (D:1)
  2 training dummies (D:7)
  5 ball pythons
  3 bats
  4 frilled lizards
  2 rats (D:1)
  A starspawn tentacle (Abyss:3)
1700 creatures vanquished.

Vanquished Creatures (collateral kills)
  Boris (Depths:3)
  An acid blob (Slime:5)
  An azure jelly (Slime:5)
  An ironbound preserver (Vaults:1)
  A hell knight (Depths:3)
  A swamp dragon (Swamp:4)
  2 vault sentinels
  8 slime creatures
  A spriggan (Depths:3)
  A golden eye (Slime:5)
  A vampire mosquito (D:14)
  6 orcs
25 creatures vanquished.

Vanquished Creatures (others)
  A vampire knight (Depths:2)
  A spriggan druid (Swamp:1)
  A harpy (Lair:5)
  An ugly thing (D:14)
  A large abomination (Abyss:3)
  A bloated husk (Swamp:1)
  2 hornets (Swamp:1)
  3 spriggans (Swamp:1)
  2 orcs (Orc:1)
  8 foxfires (Swamp:3)
  5 starspawn tentacles (Abyss:3)
26 creatures vanquished.

Grand Total: 1751 creatures vanquished

Notes
Turn   | Place    | Note
-------+----------+-------------------------------------------
     0 | D:1      | anacleto the Troll Shapeshifter began the quest for the
                  | Orb.
     0 | D:1      | Reached XP level 1. HP: 18/18 MP: 0/0
    26 | D:1      | Found a faded altar of an unknown god.
    26 | D:1      | Found a faded altar of an unknown god.
   249 | D:1      | Reached XP level 2. HP: 26/26 MP: 1/1
   453 | D:1      | Reached skill level 1 in Fighting
   612 | D:1      | Reached XP level 3. HP: 33/33 MP: 2/2
   959 | D:2      | Found the +6 shillelagh "Devastator" {shatter}
  1020 | D:2      | Found Ulugargh's Antique Weapon Shop.
  1042 | D:2      | Reached skill level 1 in Throwing
  1042 | D:2      | Reached skill level 1 in Invocations
  1178 | D:2      | Reached skill level 1 in Shields
  1178 | D:2      | Reached XP level 4. HP: 41/41 MP: 3/3
  1558 | D:3      | Noticed Terence
  1570 | D:3      | Killed Terence
  1663 | D:3      | Noticed Natasha
  1670 | D:3      | Killed Natasha
  1671 | D:3      | Reached XP level 5. HP: 43/48 MP: 3/5
  1788 | D:3      | Noticed Natasha
  1797 | D:3      | Killed Natasha
  2099 | D:3      | Noticed Natasha
  2103 | D:3      | Killed Natasha
  2161 | D:3      | Found a snail-covered altar of Cheibriados.
  2320 | D:4      | Found a staircase to the Ecumenical Temple.
  2333 | Temple   | Found a transporter.
  2333 | Temple   | Found a transporter.
  2333 | Temple   | Found a transporter.
  2333 | Temple   | Found a transporter.
  2333 | Temple   | Entered the Ecumenical Temple
  2354 | Temple   | Became a worshipper of Qazlal Stormbringer
  2400 | D:4      | Reached skill level 4 in Shapeshifting
  2515 | D:4      | You fall into a shaft and drop 2 floors!
  2549 | D:6      | Reached XP level 6. HP: 57/57 MP: 6/6
  2613 | D:6      | Noticed a sky beast
  2627 | D:6      | Killed a sky beast
  2702 | D:6      | Reached XP level 7. HP: 64/65 MP: 7/7
  2836 | D:5      | Entered Level 5 of the Dungeon
  2836 | D:5      | Noticed Grinder
  2837 | D:5      | Paralysed by Grinder for 3 turns
  2845 | D:5      | Paralysed by Grinder for 3 turns
  2850 | D:5      | Killed Grinder
  2851 | D:5      | Reached skill level 5 in Shapeshifting
  3023 | D:5      | Reached XP level 8. HP: 47/74 MP: 9/9
  3097 | D:5      | Noticed a kobold demonologist
  3098 | D:5      | Noticed a smoke demon
  3103 | D:5      | Noticed a smoke demon
  3249 | D:4      | Reached * piety under Qazlal
  4163 | D:5      | Found a glowing golden altar of the Shining One.
  4167 | D:5      | Found a blossoming altar of Fedhas.
  4192 | D:5      | Noticed a red devil
  4196 | D:5      | Noticed a sun demon
  4197 | D:5      | Killed a kobold demonologist
  4585 | D:5      | Reached skill level 6 in Shapeshifting
  4777 | D:6      | Reached skill level 5 in Unarmed Combat
  4782 | D:6      | Reached XP level 9. HP: 78/83 MP: 10/10
  4836 | D:6      | Found a broken altar of Ashenzari.
  5207 | D:7      | Found Tokoyo's Dragon-Slaying Spoils.
  5306 | D:7      | Noticed Duvessa
  5306 | D:7      | Noticed Dowan
  5308 | D:7      | Killed Dowan
  5318 | D:7      | Killed Duvessa
  5392 | D:7      | Found a glowing silver altar of Zin.
  5509 | D:7      | Reached ** piety under Qazlal
  5732 | D:7      | Noticed Prince Ribbit
  5736 | D:7      | Killed Prince Ribbit
  5889 | D:8      | Identified the +8 sling of Boobb {freeze, rF- Int+6}
  6404 | D:8      | Found a runed translucent gate.
  6405 | D:8      | Found a runed translucent gate.
  6406 | D:8      | Found a runed translucent gate.
  6411 | D:8      | Noticed audacious124's ghost (novice DsEE)
  6462 | D:8      | Reached skill level 7 in Shapeshifting
  6859 | D:8      | Reached XP level 10. HP: 66/92 MP: 12/12
  7560 | D:9      | Reached skill level 8 in Shapeshifting
  7754 | D:9      | Reached *** piety under Qazlal
  7962 | D:9      | Reached skill level 9 in Shapeshifting
  8308 | D:9      | Reached skill level 10 in Shapeshifting
  8826 | D:10     | Entered Level 10 of the Dungeon
  8913 | D:10     | Noticed Erica
  8940 | D:10     | Killed Erica
  9040 | D:10     | Reached skill level 11 in Shapeshifting
  9180 | D:10     | Reached XP level 11. HP: 100/100 MP: 13/13
  9605 | D:10     | Noticed a two-headed ogre
  9616 | D:10     | Killed a two-headed ogre
 10079 | D:11     | Found a staircase to the Lair.
 10232 | D:11     | Reached skill level 12 in Shapeshifting
 10614 | D:12     | Noticed a purple ugly thing
 10627 | D:12     | Killed a purple ugly thing
 10642 | D:12     | Noticed a boulder beetle
 10666 | D:12     | Killed a boulder beetle
 10727 | D:12     | Noticed Jorgrun
 10739 | D:12     | Killed Jorgrun
 10740 | D:12     | Reached skill level 5 in Fighting
 10902 | D:12     | Noticed a boulder beetle
 10917 | D:12     | Killed a boulder beetle
 11048 | D:12     | Reached **** piety under Qazlal
 11213 | D:12     | Reached skill level 13 in Shapeshifting
 11247 | D:12     | Found a staircase to the Orcish Mines.
 11968 | D:13     | Reached XP level 12. HP: 113/113 MP: 14/14
 11972 | D:13     | Noticed a centaur warrior
 11980 | D:13     | Killed a centaur warrior
 12260 | D:13     | Noticed a boulder beetle
 12272 | D:12     | Killed a boulder beetle
 12287 | D:13     | Noticed a centaur warrior
 12300 | D:13     | Killed a centaur warrior
 12335 | D:13     | Noticed a centaur warrior
 12364 | D:13     | Noticed a two-headed ogre
 12482 | D:12     | Killed a two-headed ogre
 12728 | D:13     | Noticed a boulder beetle
 12776 | D:13     | Killed a boulder beetle
 12800 | D:13     | Killed a centaur warrior
 12834 | D:13     | Noticed a centaur warrior
 12854 | D:13     | Killed a centaur warrior
 12988 | D:13     | Reached skill level 14 in Shapeshifting
 13689 | D:14     | Noticed a centaur warrior
 13700 | D:14     | Killed a centaur warrior
 14046 | D:14     | an elephant changed into a two-headed ogre
 14046 | D:14     | Noticed a two-headed ogre (glowing shapeshifter)
 14155 | D:14     | a two-headed ogre changed into a glass eye
 14244 | D:14     | Found a gate to the Vaults.
 14413 | D:14     | Noticed Roxanne
 14427 | D:14     | Killed Roxanne
 14495 | D:14     | Reached XP level 13. HP: 124/124 MP: 15/15
 14544 | D:15     | Entered Level 15 of the Dungeon
 14693 | Orc:1    | Entered Level 1 of the Orcish Mines
 14739 | Orc:2    | Entered Level 2 of the Orcish Mines
 15081 | Orc:2    | Gained mutation: Your magical capacity is low. (-10% MP) [a
                  | neqoxec]
 15086 | Orc:2    | Noticed an orc warlord
 15087 | Orc:2    | Reached skill level 15 in Shapeshifting
 15277 | Orc:1    | Noticed an orc warlord
 15319 | Orc:1    | Killed an orc warlord
 15398 | Orc:1    | Noticed Nergalle
 15412 | Orc:1    | Killed Nergalle
 15492 | Orc:1    | Noticed an ettin
 15498 | Orc:1    | Killed an ettin
 15503 | Orc:1    | Reached skill level 10 in Unarmed Combat
 15563 | Orc:1    | Noticed an orc warlord
 15611 | Orc:1    | Killed an orc warlord
 16262 | D:7      | Bought +2 gold dragon scales for 920 gold pieces
 16560 | Orc:2    | Killed an orc warlord
 16997 | Orc:2    | Found Oguaddo's Antique Weapon Boutique.
 17001 | Orc:2    | Found Kemev's Antique Armour Shop.
 17121 | Orc:2    | Noticed an ettin
 17129 | Orc:2    | Killed an ettin
 17288 | Orc:2    | Found a staircase to the Elven Halls.
 17480 | Orc:2    | Found Teoh's Weapon Shop.
 17701 | Orc:2    | Found Biasosag's General Store.
 17709 | Orc:2    | Bought a scroll of identify for 30 gold pieces
 17709 | Orc:2    | Bought a potion of might for 60 gold pieces
 17923 | D:8      | Killed audacious124's ghost
 17928 | D:8      | Reached skill level 16 in Shapeshifting
 18531 | D:15     | Found a staircase to the Depths.
 18534 | D:15     | Noticed a fire giant
 19077 | D:15     | Found an iron altar of Okawaru.
 19143 | D:15     | Killed a fire giant
 19144 | D:15     | Reached XP level 14. HP: 102/137 MP: 14/14
 19668 | Lair:1   | Entered Level 1 of the Lair of Beasts
 19812 | Lair:1   | Reached ***** piety under Qazlal
 20555 | Lair:2   | Got the Vellum of Snow-white Hermetica
 20690 | Lair:2   | Found a hole to the Spider Nest.
 20821 | Lair:2   | Found a staircase to the Swamp.
 21364 | Lair:3   | Reached skill level 17 in Shapeshifting
 22520 | Orc:2    | Bought 5 silver javelins for 675 gold pieces
 22818 | Orc:1    | Reached skill level 10 in Fighting
 23090 | Lair:4   | Reached XP level 15. HP: 149/149 MP: 15/15
 23191 | Lair:4   | Found a dark tunnel.
 23198 | Volcano  | Entered a volcano
 23634 | Lair:4   | Found a staircase to the Slime Pits.
 23635 | Lair:4   | Found a viscous altar of Jiyva.
 24035 | Lair:4   | Found a runed translucent door.
 24228 | Lair:5   | Entered Level 5 of the Lair of Beasts
 24288 | Lair:5   | Reached skill level 18 in Shapeshifting
 24288 | Lair:5   | Reached ****** piety under Qazlal
 25145 | Spider:1 | Entered Level 1 of the Spider Nest
 25183 | Lair:2   | HP: 11/228 [culicivora (17)]
 25698 | Depths:1 | Entered Level 1 of the Depths
 26261 | Swamp:1  | Entered Level 1 of the Swamp
 26895 | Lair:4   | Identified the +1 leather armour of the Evil One {Will+
                  | Regen+ Str+3}
 26895 | Lair:4   | Identified the scarf of Wu Jian's Whim {+Inv, rCorr Int+3}
 27091 | Slime:1  | Entered Level 1 of the Pits of Slime
 27093 | Slime:1  | Noticed a rockslime
 27938 | Spider:1 | Reached XP level 16. HP: 154/162 MP: 16/16
 28009 | Spider:1 | Reached skill level 19 in Shapeshifting
 28208 | Spider:1 | Reached skill level 5 in Invocations
 29089 | Spider:2 | Identified the amulet of Xom's Entertainment {RegenMP rF+
                  | Str+3}
 31394 | Spider:3 | Noticed Azrael
 31409 | Spider:3 | Killed Azrael
 32311 | Spider:4 | Entered Level 4 of the Spider Nest
 32890 | Spider:4 | Reached skill level 20 in Shapeshifting
 32890 | Spider:4 | Reached XP level 17. HP: 172/172 MP: 18/18
 32979 | Spider:4 | Noticed Arachne
 33006 | Spider:4 | Killed Arachne
 33781 | Spider:4 | Noticed Bai Suzhen
 33872 | Spider:4 | Killed Bai Suzhen
 34627 | Spider:4 | Got a gossamer rune of Zot
 35245 | Swamp:1  | Paralysed by a hornet for 3 turns
 35920 | Swamp:2  | Reached skill level 15 in Unarmed Combat
 36723 | Swamp:3  | Noticed Louise
 36734 | Swamp:3  | Killed Louise
 36851 | Swamp:3  | Reached skill level 21 in Shapeshifting
 36853 | Swamp:3  | Reached XP level 18. HP: 184/184 MP: 21/21
 37367 | Swamp:3  | Found Wetsot's Island Escapes.
 37375 | Swamp:3  | Bought a scroll of teleportation for 33 gold pieces
 37375 | Swamp:3  | Bought a scroll of blinking for 82 gold pieces
 37375 | Swamp:3  | Bought a potion of invisibility for 88 gold pieces
 37375 | Swamp:3  | Bought a scroll of blinking for 82 gold pieces
 37548 | Swamp:3  | Noticed Mlioglotl
 37558 | Swamp:3  | Killed Mlioglotl
 38096 | Swamp:4  | Entered Level 4 of the Swamp
 39147 | Swamp:4  | Noticed the 27-headed Lernaean hydra
 39157 | Swamp:4  | Killed the 26-headed Lernaean hydra
 39370 | Swamp:4  | Got a decaying rune of Zot
 41161 | Slime:3  | Gained mutation: Your magical capacity is very low. (-20%
                  | MP) [a shining eye]
 42297 | Slime:4  | Gained mutation: You occasionally lose the ability to read
                  | scrolls when taking damage. [a shining eye]
 42302 | Slime:3  | Reached skill level 10 in Invocations
 42535 | Slime:4  | Reached XP level 19. HP: 195/195 MP: 20/20
 42543 | Slime:3  | Reached skill level 22 in Shapeshifting
 43196 | Slime:5  | Entered Level 5 of the Pits of Slime
 43640 | Slime:5  | Noticed the Royal Jelly
 44764 | Slime:5  | Gained mutation: You occasionally shout uncontrollably at
                  | your foes. [a shining eye]
 44768 | Slime:5  | Gained mutation: Your health recovers twice as slowly from
                  | being drained. [a shining eye]
 44770 | Slime:5  | Gained mutation: You are clumsy. (Dex -2) [a shining eye]
 44855 | Slime:5  | Killed the Royal Jelly
 46314 | Slime:5  | Found the +8 trishula "Condemnation" {holy, anguish, *Noise
                  | Fly rN+}
 46928 | Slime:5  | Got a slimy rune of Zot
 47096 | Slime:5  | Paralysed by a formless jellyfish for 1 turns
 47399 | Slime:5  | Identified the +0 war axe "Hadwae" {flame, Dex+3}
 47518 | Slime:5  | Got Sif Muna's Essays on the Caves and Left-Handed Spells
 47624 | Slime:5  | Identified the +1 short sword of Heris {flame, rC+ SInv}
 48102 | Vaults:1 | Entered Level 1 of the Vaults
 49097 | Vaults:1 | Found Wiutaat's Magic Scroll Emporium.
 49106 | Vaults:1 | Bought a scroll of teleportation for 60 gold pieces
 49672 | Vaults:1 | You are sucked into a shaft and drop 1 floor!
 49709 | Vaults:2 | Noticed Boris
 49727 | Vaults:2 | Killed Boris
 49802 | Vaults:2 | Identified the serpent talisman of Chimes {*Slow rElec
                  | rF+++ rCorr}
 49802 | Vaults:2 | Noticed Aizul
 49807 | Vaults:2 | Killed Aizul
 49957 | Vaults:2 | Noticed Sojobo
 50023 | Vaults:2 | Killed Sojobo
 50045 | Vaults:2 | Noticed Nikola
 50198 | Vaults:2 | Killed Nikola
 50199 | Vaults:2 | Reached XP level 20. HP: 190/190 MP: 21/21
 50604 | Vaults:2 | Noticed Saint Roka
 50612 | Vaults:2 | Killed Saint Roka
 50613 | Vaults:2 | Reached skill level 23 in Shapeshifting
 52400 | Elf:1    | Entered Level 1 of the Elven Halls
 53035 | Elf:1    | Found Roisody's Weapon Shoppe.
 53177 | Elf:1    | Found a runed translucent door.
 53379 | Elf:1    | Noticed Azoth's ghost (journeyman DEHu)
 53385 | Elf:1    | Killed Azoth's ghost
 53401 | Elf:1    | Upgraded the game from 0.32-a0-43-g058985b245 to
                  | 0.32-a0-86-g8db1b9f803
 53729 | Elf:2    | Found a flickering gateway to a bazaar.
 53738 | Bazaar   | Entered a bazaar
 53738 | Bazaar   | Found Wif Xoidas's Jewellery Shoppe.
 53738 | Bazaar   | Found Xiti's Antique Armour Shoppe.
 53738 | Bazaar   | Found Kyruewa's Antique Armour Emporium.
 53740 | Bazaar   | Found Hino's Weapon Emporium.
 53763 | Bazaar   | Bought a talisman of death for 1120 gold pieces
 53981 | Elf:2    | Found a runed translucent gate.
 53981 | Elf:2    | Found a runed translucent gate.
 53981 | Elf:2    | Found a runed translucent gate.
 54900 | Elf:3    | Entered Level 3 of the Elven Halls
 55470 | Elf:3    | Reached skill level 15 in Fighting
 55545 | Elf:3    | Reached XP level 21. HP: 218/218 MP: 23/23
 55603 | Abyss:3  | Found a corrupted altar of Lugonu.
 55603 | Abyss:3  | Cast into level 3 of the Abyss (a deep elf sorcerer)
 55617 | Abyss:3  | Upgraded the game from 0.32-a0-86-g8db1b9f803 to
                  | 0.32-a0-119-g2e8054a333
 55617 | Abyss:3  | Found a corrupted altar of Lugonu.
 55625 | Elf:3    | Escaped the Abyss
 55629 | Elf:3    | Reached skill level 24 in Shapeshifting
 55686 | Elf:3    | Identified the +8 spear of Tomorrow {protect, Will- Str+5}
 55772 | Elf:3    | Identified the +0 ring mail "Pufu" {Str-4 Dex+8 Stlth+}
 55856 | Elf:3    | Got Plog's Vellum of Toxic Distance
 55869 | Elf:3    | Got Dispater's Grimoire of the Gathered Mountains
 55959 | Abyss:3  | Cast into level 3 of the Abyss (a deep elf sorcerer)
 56130 | Abyss:3  | Gained mutation: You occasionally lose the ability to drink
                  | potions when taking damage. [a cacodemon]
 56276 | Elf:3    | Escaped the Abyss
 56692 | Elf:3    | Upgraded the game from 0.32-a0-119-g2e8054a333 to
                  | 0.32-a0-120-gfac0567ad4
 58343 | Depths:1 | Found Jura's General Store.
 58351 | Depths:1 | Bought a scroll of summoning for 104 gold pieces
 58407 | Depths:1 | Found a shadowy altar of Dithmenos.
 58615 | Depths:1 | Found a gateway to Hell.
 58846 | Depths:1 | Gained mutation: You sometimes lose the ability to drink
                  | potions when taking damage. [mutagenic glow]
 58862 | Depths:1 | Lost mutation: Your health recovers twice as slowly from
                  | being drained. [potion of mutation]
 58862 | Depths:1 | Lost mutation: Your magical capacity is very low. (-20% MP)
                  | [potion of mutation]
 58862 | Depths:1 | Lost mutation: You occasionally shout uncontrollably at
                  | your foes. [potion of mutation]
 58916 | Depths:2 | Noticed Boris
 59040 | Depths:2 | Paralysed by a sphinx for 5 turns
 59331 | Depths:2 | Found a blossoming altar of Fedhas.
 59345 | Depths:2 | Noticed a juggernaut
 59455 | Depths:1 | Killed Boris
 59627 | Depths:1 | Killed a juggernaut
 59889 | Depths:2 | Reached XP level 22. HP: 230/230 MP: 27/27
 60186 | Depths:2 | Found a one-way gateway to a ziggurat.
 60513 | Depths:2 | Noticed a juggernaut
 60517 | Depths:2 | Killed a juggernaut
 60743 | Depths:2 | Reached skill level 25 in Shapeshifting
 60873 | Depths:2 | Found a one-way gate leading to the halls of Pandemonium.
 61871 | Depths:3 | Found a one-way gate to the infinite horrors of the Abyss.
 61906 | Depths:3 | Noticed the Enchantress
 62087 | Depths:3 | Killed the Enchantress
 62506 | Depths:3 | Noticed Boris
 62514 | Depths:3 | Killed Boris
 63116 | Depths:3 | Noticed a juggernaut
 63150 | Depths:3 | Annihilated by a white very ugly thing

Illustrated notes

Levels and vault maps discovered:
D:1:      doesnt_arrival_eight_statues, layout_basic,
          hellmonk_ecumenical_altar_the_god_not_taken, minmay_unequal
D:2:      layout_loops_ring, serial_shops, shop, minmay_circled_x
D:3:      layout_basic, chei_slow_surprise, saegor_snake_ambush, uniq_natasha,
          uniq_terence
D:4:      layout_gridville, minmay_temple_entry_water_ring,
          chequers_serial_rivers_micro_b
D:5:      layout_gridville, grunt_temple_overflow_open, uniq_grinder
D:6:      layout_loops_ring, general_overflow_altar
D:7:      dreamdust_elfheim, layout_basic, mainiacjoe_overflow_paths,
          nicolae_shop_dragon_depot, dk_noncrumbling_3, uniq_prince_ribbit1
D:8:      layout_layer_cave, gammafunk_ghost_spectres
D:9:      layout_stronghold, minmay_ruffians
D:10:     layout_irregular_city, uniq_erica
D:11:     layout_irregular_city, erik_lair_orcish_takeover, dk_noncrumbling_2
D:12:     layout_irregular_city, orc_0_dummy, uniq_jorgrun
D:13:     layout_basic, kennysheep_small_square
D:14:     layout_basic, david_vaults_2, uniq_roxanne
D:15:     grunt_enter_depths_giant_problem, layout_rooms,
          hellmonk_okawaru_the_only_friend_you_need, serial_co_window_serial,
          co_window_corner_a, co_window_of_opportunity_a, co_window_paths_b,
          co_window_paths_b, co_window_corner_a, co_window_paths_b,
          co_window_corner_a, co_window_paths_a, co_window_paths_a,
          co_window_corner_cb, co_window_corner_b, co_window_of_opportunity_b,
          co_window_unsneaky_path_b, co_window_cross_4, co_window_broadway_b,
          co_window_unsneaky_path_a, glass_columns_a, glass_columns_b,
          glass_columns_a
Temple:   hellmonk_temple_divided_pantheon
Lair:1:   layout_chaotic_city
Lair:2:   layout_roguey, minmay_swamp_entry_eels,
          hellmonk_spider_entry_not_the_bees, serial_bayou_lagoon_a,
          minmay_lindwurm_lava
Lair:3:   regret_index_malice_mire, layout_regular_city, grunt_megastairs_4
Lair:4:   dreamdust_labyrinth, layout_long_grid, minmay_slime_entry_pillars,
          nicolae_volcano_entry_hallway
Lair:5:   gammafunk_lair_ancient_temple, layout_loops_ring
Swamp:1:  layout_falls_marsh, evilmike_swamp_ruin_rubble_2, swamp_pool_4,
          nicolae_swamp_decorative_isthmus
Swamp:2:  layout_basic_swamp, evilmike_swamp_ruin_house_6
Swamp:3:  nicolae_swamp_flooded_prison, layout_falls_marsh,
          evilmike_swamp_ruin_house_1, nicolae_island_escapes, uniq_mlioglotl,
          uniq_louise
Swamp:4:  swamp_old_school, layout_basic_swamp
Spider:1: layout_spider_delve, hellmonk_spider_spawner
Spider:2: layout_spider_delve
Spider:3: nicolae_spider_hilbert_zone_5 [nicolae_spider_hilbert_3_sides_1_open,
          nicolae_spider_hilbert_4_sides_1_open,
          nicolae_spider_hilbert_4_sides_1_open,
          nicolae_spider_hilbert_6_sides_1_open,
          nicolae_spider_hilbert_6_sides_1_open], nicolae_spider_stair_cavern,
          uniq_azrael
Spider:4: hellmonk_spider_rune_endless_swarm, uniq_bai_suzhen, uniq_arachne
Slime:1:  layout_caves
Slime:2:  layout_caves
Slime:3:  layout_caves
Slime:4:  layout_caves
Slime:5:  slime_pit_nicolae_inversion
Orc:1:    nicolae_orc_accident_3, layout_diamond_mine, mines1_david,
          uniq_nergalle
Orc:2:    grunt_orc_community_town_hall, layout_caves,
          grunt_orc_community_big_house_1, grunt_orc_community_big_house_1,
          grunt_orc_community_house_3, grunt_orc_community_house_1,
          grunt_orc_community_house_3, grunt_orc_community_house_3,
          grunt_orc_community_house_3, grunt_orc_community_house_3
Elf:1:    elf_arrival_002, layout_loops_cross, serial_shops,
          nicolae_shop_hallway_stairs, ebering_ghost_reflecting_pool,
          hangedman_elven_crosses_minicolossus
Elf:2:    nicolae_elf_blades_crystal_corner, layout_loops_corners, serial_shops,
          bzr_entry_dummy
Elf:3:    minmay_elf_hall_dome, layout_geoelf_octagon
Vaults:1: portal_desolation_entry_garden, hangedman_vaults_variations,
          nicolae_vaults_shipping_containers_4, nicolae_vaults_three_branches,
          nicolae_vaults_ring_of_whatevers, hangedman_vaults_river_flow,
          nicolae_vaults_wine_cellar, v_misc_10, nicolae_vaults_diamond_1,
          vaults_mumra_minichess_inversion, nicolae_vaults_trapezoid_lopsided_1,
          vaults_mumra_chevron_long, nicolae_vaults_two_Ls, v_alt_pattern_4,
          nicolae_vaults_rhombus_7, nicolae_vaults_angled_halls,
          nicolae_vaults_circle_grid_a, layout_vaults_omnibox, serial_shops,
          shop
Vaults:2: v_rooms_6, vaults_dpeg_doors, v_misc_24,
          nicolae_vaults_trapezoid_lopsided_4, vaults_dpeg_diagonal,
          ontoclasm_vaults_pinch, vaults_room_glass_cross,
          nicolae_vaults_surprise_closet, nicolae_vaults_apartment_2,
          v_pattern_5, nicolae_vaults_double_plus_1, nicolae_vaults_two_Ls,
          layout_vaults_quadrants, uniq_nikola, uniq_aizul, uniq_saint_roka,
          uniq_boris, uniq_sojobo
Depths:1: layout_honeycomb, pf_hell_entry_great_geh, serial_shops,
          nicolae_shop_peninsula, kennysheep_cluttered_room,
          grunt_dithmenos_smoke_and_mirrors
Depths:2: minmay_the_grid_plus [minmay_the_grid_fan, minmay_the_grid_embedded,
          minmay_the_grid_pillar_ring, minmay_the_grid_medium_cups,
          minmay_the_grid_prize_four_corners], layout_gridlike,
          enter_ziggurat_e, hell_entry, grunt_pan_entry_zigzag, fedhas_altar_1,
          nrook_mini_vaults, kb_rosetta
Depths:3: grunt_runaround [grunt_runaround_loot, grunt_runaround_doors_1,
          grunt_runaround_doors_2, grunt_runaround_doors_3,
          grunt_runaround_doors_4], abyss_entry, hell_entry, uniq_enchantress

Skill      XL: |  1  2  3  4  5  6  7  8  9 10 11 12 13 14 15 16 17 18 19 20 21 22 |
---------------+-------------------------------------------------------------------+-----
Fighting       | 1 2 3 4 5 7 8 10 11 12 13 14 15 16 | 16.2
Throwing       | 1 2 3 4 |  4.5
Invocations    | 1 2 3 4 6 8 10 11 12 13 14 | 14.1
Shields        | 1 2 3 4 |  4.3
Dodging        | 2 3 4 |  4.4
Shapeshifting  | 4 5 6 7 11 13 14 16 17 18 20 21 22 23 24 25 | 25.4
Unarmed Combat | 4 5 7 9 10 12 13 14 15 16 17 18 19 | 19.2

Action                     |  1- 3 |  4- 6 |  7- 9 | 10-12 | 13-15 | 16-18 | 19-21 | 22-24 || total
---------------------------+-------+-------+-------+-------+-------+-------+-------+-------++-------
  Melee: Unarmed           |    77 |   104 |   217 |   563 |   810 |   797 |   943 |   234 ||  3745
         Punch             |     1 |     3 |     3 |       |    22 |    29 |    97 |    40 ||   195
         Constrict         |       |       |       |    64 |       |       |       |       ||    64
         Bite              |       |       |       |       |    38 |    40 |    55 |       ||   133
         Tailslap          |       |       |       |       |    45 |    54 |    70 |       ||   169
  Throw: Boomerang         |       |       |     3 |       |    43 |    19 |       |       ||    65
         Throwing net      |       |       |     2 |       |       |       |       |       ||     2
         Large rock        |       |       |       |       |     8 |       |       |       ||     8
 Invoke: Elemental Force   |       |       |       |     2 |     7 |     7 |    13 |     3 ||    32
         Upheaval          |       |       |       |       |    11 |    13 |     8 |       ||    32
Ability: Begin Untransform |       |       |     3 |     2 |     5 |     2 |     3 |     1 ||    16
         Breathe Fire      |       |       |       |       |     7 |    19 |    13 |       ||    39
         Blinkbolt         |       |       |       |       |       |       |     1 |       ||     1
  Evoke: Wand              |       |       |     1 |    14 |     6 |     8 |    10 |     1 ||    40
         Phantom mirror    |       |       |       |       |       |       |     1 |       ||     1
    Use: Scroll            |       |       |     9 |     4 |    21 |    14 |    12 |     4 ||    64
         Potion            |       |       |       |     6 |     5 |     5 |    20 |     2 ||    38
   Stab: Sleeping          |       |       |     1 |       |       |       |       |       ||     1
         Paralysed         |       |       |       |       |       |     2 |     5 |     2 ||     9
         Distracted        |       |       |       |       |       |     1 |     1 |       ||     2
 Armour: Animal skin       |    52 |    49 |    96 |       |       |       |       |       ||   197
         Robe              |       |       |    21 |       |       |       |       |       ||    21
         Acid dragon scale |       |       |     7 |    80 |       |       |       |       ||    87
         Skin              |       |       |       |   288 |   889 |  1407 |   569 |   105 ||  3258
         Gold dragon scale |       |       |       |       |       |       |     5 |       ||     5
  Dodge: Dodged            |    36 |    53 |   124 |   270 |   844 |   870 |   635 |   207 ||  3039
         Repelled          |       |       |       |     4 |    10 |    12 |    41 |     2 ||    69
  Block: Other             |       |       |     6 |    42 |   117 |   115 |   166 |    52 ||   498
         Kite shield       |       |       |    50 |    96 |   705 |   815 |       |       ||  1666
         Tower shield      |       |       |       |       |       |       |     3 |       ||     3
   Form: Beast             |       |       |     3 |       |       |       |       |       ||     3
         Serpent           |       |       |       |     1 |       |       |       |       ||     1
         Statue            |       |       |       |     1 |     3 |       |       |       ||     4
         Dragon            |       |       |       |       |     2 |     2 |       |       ||     4
         Storm             |       |       |       |       |       |       |     2 |     1 ||     3
         Death             |       |       |       |       |       |       |     1 |       ||     1

Table legend: (Time is in decaauts)
 A = Elapsed time spent in this place.
 B = Non-inter-level travel time spent in this place.
 C = Inter-level travel time spent in this place.
 D = Time resting spent in this place.
 E = Time spent auto-exploring this place.
 F = Levels seen in this place.
 G = Mean time per level.
                   A        B        C        D        E       F      G
               +--------+--------+--------+--------+--------+-----+--------+
         Total |  69897 |  64719 |   5178 |  21054 |  22537 |  48 | 1456.2 |
       Dungeon |  19759 |  17248 |   2511 |   3547 |   9813 |  15 | 1317.3 |
        Temple |     40 |     40 |      0 |      0 |      0 |   1 |   40.0 |
          Lair |   8102 |   7260 |    842 |   1991 |   3213 |   5 | 1620.4 |
         Swamp |   4450 |   4313 |    137 |   1402 |   1241 |   4 | 1112.5 |
   Spider Nest |  10533 |  10296 |    237 |   4525 |   2448 |   4 | 2633.2 |
    Slime Pits |   8056 |   7932 |    124 |   4810 |   1036 |   5 | 1611.2 |
  Orcish Mines |   4697 |   4069 |    628 |    982 |   1487 |   2 | 2348.5 |
   Elven Halls |   3832 |   3678 |    154 |    391 |   1300 |   3 | 1277.3 |
        Vaults |   3408 |   3285 |    123 |   1320 |    338 |   2 | 1704.0 |
        Depths |   6454 |   6037 |    417 |   1999 |   1582 |   3 | 2151.3 |
         Abyss |    319 |    319 |      0 |     84 |      0 |   2 |  159.5 |
        Bazaar |     41 |     41 |      0 |      0 |      0 |   1 |   41.0 |
       Volcano |    201 |    201 |      0 |      0 |     79 |   1 |  201.0 |
               +--------+--------+--------+--------+--------+-----+--------+

Top non-repeatable levels by time:
  Lair:2: 3366 daAuts
Spider:3: 3236 daAuts
Spider:2: 3175 daAuts
Depths:1: 2918 daAuts
 Slime:4: 2786 daAuts
Spider:4: 2785 daAuts
   Orc:2: 2450 daAuts
    D:12: 2331 daAuts
Depths:2: 2326 daAuts
   Orc:1: 2247 daAuts
    D:14: 2173 daAuts
Vaults:2: 2135 daAuts
 Slime:5: 2104 daAuts
    D:15: 2095 daAuts
   Elf:2: 1739 daAuts
